 Dungeon Crawl Stone Soup version 0.31-a0-1308-ga3cce3a448 (webtiles) character file.

Game seed: 15103780067413384902

1542 dialectric the Ducker (level 8, -5/56 HPs)
             Began as an Octopode Gladiator on Dec 19, 2023.
             Slain by Blork the orc
             ... wielding a +2 glaive of protection
              (17 damage)
             ... on level 6 of the Dungeon.
             The game lasted 00:07:08 (5015 turns).

dialectric the Ducker (Octopode Gladiator)          Turns: 5015, Time: 00:07:09

Health: -5/56      AC:  1    Str: 13    XL:     8   Next: 87%
Magic:  17/17      EV: 17    Int: 16    God:
Gold:   282        SH:  0    Dex: 22    Spells: 7/7 levels left

rFire   . . .        B - +1 trident (protect)
rCold   . . .        (no shield)
rNeg    . . .        b - +0 hat
rPois   .            (no amulet)
rElec   .            v - ring of magical power
rCorr   .            j - +6 ring of intelligence
SInv    .            w - +6 ring of dexterity
Will    .....        (no ring)
Stlth   +++          (no ring)
HPRegen 0.29/turn    (no ring)
MPRegen 0.15/turn    (no ring)
                     (no ring)

%: no passive effects
@: about to teleport
A: almost no armour, amphibious, 8 rings, camouflage 1, gelatinous body 1,
(nimble swimmer 1), tentacles
a: no special abilities


You were on level 6 of the Dungeon.
You visited 2 branches of the dungeon, and saw 7 of its levels.
You also visited: Sewer.

You collected 282 gold pieces.

Inventory:

Hand Weapons
 a - a +0 trident
 u - the +9 sling "Jyleb" {antimagic, Fly Int-3 Dex+4}
   (You found it on level 4 of the Dungeon)

   Int-3:     It affects your intelligence (-3).
   Dex+4:     It affects your dexterity (+4).
   Fly:       It grants you flight.
 x - a +1 dagger of venom
 B - a +1 trident of protection (weapon)
Missiles
 c - 3 throwing nets
 d - a javelin
 k - 29 poisoned darts (quivered)
 F - 3 curare-tipped darts
Armour
 b - a +0 hat (worn)
 r - the +1 Delatra's gloves {ID++}
   (You found it on level 3 of the Dungeon)

   ID++:      It heals its wearer when they drink unknown potions, and restores
   their MP when they read unknown scrolls.
Jewellery
 j - a +6 ring of intelligence (right tentacle)
 v - a ring of magical power (left tentacle)
 w - a +6 ring of dexterity (on tentacle)
 y - an amulet of faith
Scrolls
 f - 3 scrolls of amnesia {unknown}
 g - a scroll of vulnerability {unknown}
 h - 4 scrolls of identify
 n - a scroll of brand weapon {unknown}
 o - 4 scrolls of enchant armour {unknown}
 p - a scroll of poison {unknown}
 s - 2 scrolls of teleportation
 A - a scroll of blinking {unknown}
 E - 2 scrolls of butterflies {unknown}
Potions
 e - 3 potions of curing
 i - a potion of degeneration {unknown}
 l - a potion of might {unknown}
 m - 2 potions of attraction
 q - a potion of berserk rage
 t - a potion of brilliance
 z - a potion of mutation {unknown}
 C - a potion of invisibility {unknown}
 D - a potion of magic {unknown}


   Skills:
 + Level 5.5 Fighting
 + Level 6.0 Polearms
 + Level 4.0 Ranged Weapons
 - Level 4.2 Throwing
 + Level 6.0 Dodging


You had 7 spell levels left.
You didn't know any spells.
Your spell library contained the following spells:

 Spells                   Type           Power      Damage    Failure   Level
 Call Canine Familiar     Summ           0%         N/A       58%         3
 Sigil of Binding         Hex            0%         N/A       58%         3
 Dimensional Bullseye     Hex/Tloc       0%         N/A       94%         4


Dungeon Overview and Level Annotations

Branches:
Dungeon (6/15)             Temple (1/1) D:5           Sewer (visited)

Altars:
Ashenzari
Dithmenos
Elyvilon
Fedhas
Gozag
Hepliaklqana
Kikubaaqudgha
Makhleb
Nemelex Xobeh
Okawaru
Qazlal
Ru
Sif Muna
Trog
Uskayaw
Vehumet
Wu Jian
Xom
Yredelemnul
Zin
The Shining One

Annotations:
D:6 Blork the orc


Innate Abilities, Weirdness & Mutations

You cannot wear most types of armour.
You are amphibious.
You can wear up to eight rings at the same time.
Your skin changes colour to match your surroundings (Stealth+).
Your rubbery body absorbs attacks. (AC +1, EV +1)
((You are camouflaged when in or above water. (Stealth+)))
You have tentacles for arms and can constrict up to eight enemies at once.


Message History

You feel a bit more experienced.
You now have 282 gold pieces (gained 11).
Things that are here:
a +0 dagger; a +0 robe; a +0 dagger Blork the orc comes into view.
He is wielding a +2 glaive of protection.
Items here: ( ))) [[ †.
Blork the orc is nearby!
Blork the orc shouts!
Blork the orc is nearby!
Blork the orc barely misses you.
Blork the orc is nearby!
Blork the orc is nearby!
You reach to attack!
You hit Blork the orc but do no damage.
Your weapon exudes an aura of protection.
Blork the orc hits you from afar with a +2 glaive of protection!
You reach to attack!
You barely miss Blork the orc.
Blork the orc gestures at you while chanting.
The puff of frost hits you!
You are too injured to fight recklessly!
Blork the orc screams, "I'll make a cloak from your skin!"
Items here: ( ))) [[ †.
Blork the orc sings a few bars from the Orcish anthem.
Things that are here:
a +0 mace; a +0 leather armour; an orc corpse Blork the orc casts a spell.
Blork the orc seems to speed up.
Blork the orc gestures at you while chanting.
The magic dart hits you!
There is an open door here.
Unknown command.
You aren't carrying any items that you can evoke.
Unknown command.
You close the door.
Blork the orc breaks down the door.
As you read the scroll of teleportation, it crumbles to dust.
You feel strangely unstable.
Blork the orc hits you from afar with a +2 glaive of protection!
* * * LOW HITPOINT WARNING * * *
Unknown command.
Blork the orc hits you from afar with a +2 glaive of protection!
You die...

.#......#............#.......#...
.# #............#.......#... ##
#....##...##'#.......#### ###....
#...##.######'##...
.#.......#...#......#.......
.........#...#......#.......
..#........#...'......#.......
.#...#..... #...#......#....... #
..#...#..# #.@.###.....#......
..#...#....###...###...#########
.#...#...#...'o..........#
...#...#.....#...........#
.#...#...#)..#...........# ..
#...#.))####'#######.## .#.
.#...#...#.....######
...#...#.....#.....†..#
.#...#.......#........#


You could see Blork the orc (fast).

Vanquished Creatures
  2 water moccasins
  A centaur (D:6)
  A phantom (D:6)
  6 kobold brigands (Sewer)
  A bullfrog (D:6)
  A scorpion (D:5)
  A howler monkey (D:6)
  2 jellies (D:5)
  2 hounds
  3 orc priests
  4 iguanas
  2 orc wizards
  11 adders
  2 river rats (Sewer)
  A white imp (D:6)
  4 worms
  3 dart slugs
  15 orcs
  5 bats
  7 endoplasms
  9 giant cockroaches
  4 goblins
  4 hobgoblins
  4 jackals (D:4)
  5 quokkas
  11 ball pythons
  3 frilled lizards
  16 kobolds
  2 rats
132 creatures vanquished.

Notes
Turn   | Place    | Note
-------+----------+-------------------------------------------
     0 | D:1      | dialectric the Octopode Gladiator began the quest for the
                  | Orb.
     0 | D:1      | Reached XP level 1. HP: 14/14 MP: 1/1
   278 | D:1      | Reached XP level 2. HP: 19/19 MP: 2/2
   745 | D:2      | Reached XP level 3. HP: 21/25 MP: 3/3
  1057 | D:2      | Reached XP level 4. HP: 30/30 MP: 4/4
  1929 | D:3      | Found a faded altar of an unknown god.
  1993 | D:3      | Found the +1 Delatra's gloves {ID++}
  2223 | D:3      | Reached XP level 5. HP: 36/36 MP: 5/5
  2355 | D:4      | Identified the +9 sling "Jyleb" {antimagic, Fly Int-3
                  | Dex+4}
  2492 | D:4      | Reached XP level 6. HP: 30/42 MP: 1/6
  2820 | D:5      | Entered Level 5 of the Dungeon
  2909 | D:5      | Noticed a water moccasin
  2919 | D:5      | Killed a water moccasin
  2920 | D:5      | Reached skill level 1 in Ranged Weapons
  2920 | D:5      | Reached XP level 7. HP: 10/47 MP: 6/7
  3233 | D:5      | Found a staircase to the Ecumenical Temple.
  3393 | Temple   | Entered the Ecumenical Temple
  3899 | D:6      | Reached skill level 5 in Polearms
  3899 | D:6      | Reached skill level 5 in Dodging
  3990 | D:6      | Found a glowing drain.
  4011 | Sewer    | Entered a sewer
  4150 | Sewer    | Reached XP level 8. HP: 54/54 MP: 8/8
  4399 | Sewer    | Reached skill level 5 in Fighting
  4999 | D:6      | Noticed Blork the orc
  5015 | D:6      | Slain by Blork the orc

Illustrated notes

Levels and vault maps discovered:
D:1:      dpeg_arrival_line_fractal, layout_loops_ring, minmay_crystal_room
D:2:      layout_basic, chequers_serial_rivers_small_3
D:3:      layout_loops_ring, hellmonk_ecumenical_altar_lost_god, minivault_11,
          pf_guarded_unrand_delatra
D:4:      layout_basic
D:5:      layout_basic, chei_slow_surprise, minmay_temple_entry_crystal_x,
          minmay_checkerbox
D:6:      layout_gridville, portal_sewer_entry_f, hex_medium, uniq_blork_the_orc
Temple:   nicolae_temple_the_god_donut

Skill      XL: |  1  2  3  4  5  6  7  8 |
---------------+-------------------------+-----
Fighting       | 3 4 5 |  5.5
Throwing       | 3 4 |  4.2
Polearms       | 4 5 6 |  6.0
Dodging        | 4 5 6 |  6.0
Ranged Weapons | 1 2 4 |  4.0

Action                     |  1- 3 |  4- 6 |  7- 9 || total
---------------------------+-------+-------+-------++-------
  Melee: Trident           |    64 |    73 |   135 ||   272
         Tentacles         |    12 |    16 |    42 ||    70
         Constrict         |    14 |    15 |    35 ||    64
         Dagger            |       |     2 |    23 ||    25
         Punch             |       |       |     2 ||     2
   Fire: Sling             |       |    46 |       ||    46
  Throw: Dart              |       |       |     1 ||     1
    Use: Potion            |       |     2 |       ||     2
         Scroll            |       |       |     5 ||     5
   Stab: Sleeping          |     6 |     6 |    12 ||    24
 Armour: Skin              |    20 |    24 |    66 ||   110
  Dodge: Dodged            |    24 |    37 |    81 ||   142

Table legend: (Time is in decaauts)
 A = Elapsed time spent in this place.
 B = Non-inter-level travel time spent in this place.
 C = Inter-level travel time spent in this place.
 D = Time resting spent in this place.
 E = Time spent auto-exploring this place.
 F = Levels seen in this place.
 G = Mean time per level.
                   A        B        C        D        E       F      G
               +--------+--------+--------+--------+--------+-----+--------+
         Total |   5048 |   4976 |     72 |    265 |   3436 |   8 |  631.0 |
       Dungeon |   4168 |   4101 |     67 |    265 |   2896 |   6 |  694.7 |
        Temple |     91 |     86 |      5 |      0 |      0 |   1 |   91.0 |
         Sewer |    788 |    788 |      0 |      0 |    540 |   1 |  788.0 |
               +--------+--------+--------+--------+--------+-----+--------+

Top non-repeatable levels by time:
     D:2: 877 daAuts
     D:3: 834 daAuts
   Sewer: 788 daAuts
     D:6: 723 daAuts
     D:1: 612 daAuts
     D:5: 596 daAuts
     D:4: 523 daAuts
  Temple: 91 daAuts
